Map: Ruins of Endion

Players

IIIIIIIIIIII - Winner!

  • Race: Protoss Protoss
  • League: Platinum

Miszu

  • Race: Terran Terran
  • League: Master

VOD

Have the link to the VOD?

Description

Time

  • Played on: June 13, 2016, 1:42 p.m.
  • Length: 4:34
Show
View Real Time Build Order
Export as new Build Order

IIIIIIIIIIII Protoss - Winner!

Build Orders: 1 Gate Expand, Oracle Opening 

Get SALT Encoding   

  12  0:01  Probe (Chrono Boost)  
  13  0:11  Probe (Chrono Boost)  
  14  0:17  Pylon  
  14  0:22  Probe (Chrono Boost)  
  15  0:35  Probe (Chrono Boost)  
  16  0:36  Gateway  
  16  0:42  Assimilator  
  16  0:46  Probe (Chrono Boost)  
  17  0:56  Probe (Chrono Boost)  
  18  1:07  Probe (Chrono Boost)  
  19  1:20  Nexus  
  19  1:25  Probe (Chrono Boost)  
  20  1:34  Cybernetics Core  
  20  1:36  Probe (Chrono Boost)  
  21  1:41  Assimilator  
  22  1:47  Probe (Chrono Boost)  
  22  1:51  Pylon  
  22  1:57  Probe (Chrono Boost)  
  23  2:11  Mothership Core (Chrono Boost)  
  23  2:12  Stalker (Chrono Boost)  
  27  2:21  Warp Gate  
  27  2:29  Probe (Chrono Boost)  
  28  2:32  Probe (Chrono Boost)  
  29  2:40  Probe  
  29  2:42  Probe (Chrono Boost)  
  30  2:53  Probe (Chrono Boost)  
  30  2:54  Stargate  
  30  2:55  Probe (Chrono Boost)  
  32  3:04  Probe (Chrono Boost)  
  33  3:06  Probe (Chrono Boost)  
  34  3:14  Probe (Chrono Boost)  
  34  3:15  Gateway  
  34  3:16  Gateway  
  34  3:18  Probe (Chrono Boost)  
  36  3:25  Probe (Chrono Boost)  
  37  3:29  Probe (Chrono Boost)  
  37  3:30  Pylon  
  38  3:35  Probe (Chrono Boost)  
  38  3:38  Probe (Chrono Boost)  
  38  3:40  Oracle (Chrono Boost)  
  43  3:47  Probe  
  43  3:48  Probe  
  44  3:50  Robotics Facility  
  44  3:59  Probe  
  44  4:00  Probe  
  45  4:10  Probe  
  45  4:11  Probe  
  45  4:12  Phoenix (Chrono Boost)  
  49  4:17  Pylon  
  49  4:21  Probe  
  50  4:24  Pylon  
  50  4:26  Stalker  
  50  4:32  Stalker  
Show
View Real Time Build Order
Export as new Build Order

Miszu Terran 

Build Orders: Hellion Opening 

Get SALT Encoding   

  12  0:00  SCV  
  13  0:13  SCV  
  14  0:23  Supply Depot  
  14  0:25  SCV  
  15  0:45  SCV  
  15  0:46  Barracks  
  16  0:51  Refinery  
  16  0:57  SCV  
  17  1:09  SCV  
  18  1:21  SCV  
  19  1:36  SCV  
  21  1:40  Reaper  
  21  1:45  Command Center  
  21  1:48  Orbital Command  
  21  1:59  Supply Depot  
  21  2:11  Factory  
  21  2:12  Refinery  
  21  2:14  SCV  
  22  2:26  SCV  
  22  2:27  Barracks Reactor  
  23  2:38  SCV  
  24  2:50  SCV  
  24  2:54  Factory  
  24  2:57  Orbital Command  
  24  3:02  SCV  
  25  3:07  Hellion x2  
  25  3:10  Barracks Reactor  
  28  3:14  SCV  
  28  3:25  SCV  
  28  3:26  SCV  
  30  3:29  Hellion x2  
  34  3:34  Barracks Reactor  
  34  3:38  SCV x2  
  36  3:50  Hellion x2, SCV  
  41  4:00  SCV  
  41  4:02  SCV  
  43  4:05  Factory  
  43  4:07  Armory  
  43  4:11  Hellion  
  45  4:18  SCV  
Tags
 
Add a new tag
Caveats
  • Supply blocks, unpowered buildings, or Contaminate may cause inaccurate times.
  • Supply counts are checked every 10 seconds.